| TOP OF THE 1ST |
|
Rice University Owls batting - Pitching for University of Arizona Wildcats : LHP Brendan Thompson
|
|
Pitching: LHP Brendan Thompson
|
|
|
Batting: SHB Yu-hsui Lew
|
0-0: Ground out 6-3 (Groundball, 6, EV 91.9 MPH)
|
|
Batting: RHB Adrian Quilantan
|
0-0: Ball 1-0: Ball 2-0: Called Strike 2-1: Called Strike 2-2: Ball 3-2: Strikes out swinging
|
|
Batting: RHB Fred Saxton
|
0-0: Called Strike 0-1: Ball 1-1: Ball 2-1: Foul Ball, location: 2F 2-2: Foul Ball, location: 2F 2-2: DOUBLE (Line Drive, 7LM, EV 108.8 MPH)
|
|
Batting: LHB Eddie Lemus
|
0-0: Called Strike 0-1: Fly out, F8 (Flyball, 8LD, EV 95.0 MPH)
|
| Top of the 1st over - 0 runs, 1 hit, 0 errors, 1 left on base; Rice University 0 - University of Arizona 0 |
| BOTTOM OF THE 1ST |
|
University of Arizona Wildcats batting - Pitching for Rice University Owls : RHP Bror Wuopio
|
|
Pitching: RHP Bror Wuopio
|
|
|
Batting: RHB Blake Grover
|
0-0: Ball 1-0: Ball 2-0: Called Strike 2-1: Ball 3-1: Called Strike 3-2: Foul Ball, location: 2F 3-2: Foul Ball, location: 2F 3-2: Base on Balls
|
|
Batting: LHB Edelberto Barbas
|
0-0: Fly out, F9 (Flyball, 9, EV 83.1 MPH)
|
|
Batting: RHB C.J. Wells
|
0-0: Swinging Strike 0-1: Foul Ball, location: 2F 0-2: Ball 1-2: Foul Ball, location: 2F 1-2: Strikes out swinging
|
|
Batting: LHB Alex Aguilar
|
0-0: SINGLE (Line Drive, 3D, EV 108.1 MPH) Blake Grover to second
|
|
Batting: RHB Pedro Lopez
|
0-0: Called Strike 0-1: Ball 1-1: Ball 2-1: Foul Ball, location: 2F 2-2: Foul Ball, location: 2F 2-2: Ball 3-2: Strikes out looking
|
| Bottom of the 1st over - 0 runs, 1 hit, 0 errors, 2 left on base; Rice University 0 - University of Arizona 0 |
| TOP OF THE 2ND |
|
Rice University Owls batting - Pitching for University of Arizona Wildcats : LHP Brendan Thompson
|
|
Batting: LHB David Coatney
|
0-0: SINGLE (Line Drive, 5D, EV 94.4 MPH)
|
|
Batting: RHB Bobby Johannsen
|
0-0: Called Strike 0-1: Called Strike 0-2: Strikes out swinging
|
|
Batting: RHB Alex Valadez
|
0-0: SINGLE (Flyball, 8LS, EV 85.6 MPH) David Coatney to second
|
|
Batting: RHB Martin Boyle
|
0-0: Ball 1-0: Ball 2-0: Called Strike 2-1: Foul Ball, location: 2F 2-2: Hit by Pitch David Coatney to third Alex Valadez to second
|
|
Batting: RHB Yu-zeng Mai
|
0-0: Called Strike 0-1: Swinging Strike 0-2: Ball 1-2: Ball 2-2: Fly out, F9 (Flyball, 9, EV 83.1 MPH) Runner from 3rd tags up, SCORES, throw by RF Alex Valadez to third
|
|
Batting: SHB Yu-hsui Lew
|
0-0: Ball 1-0: SINGLE (Groundball, 6MD, EV 96.2 MPH) Alex Valadez scores Martin Boyle to second Runner from 2nd tries for 3rd, SAFE, no throw by CF
|
|
Batting: RHB Adrian Quilantan
|
0-0: Fielders Choice at 2nd, 5-4 (Groundball, 56, EV 108.8 MPH)
|
| Top of the 2nd over - 2 runs, 3 hits, 0 errors, 2 left on base; Rice University 2 - University of Arizona 0 |
| BOTTOM OF THE 2ND |
|
University of Arizona Wildcats batting - Pitching for Rice University Owls : RHP Bror Wuopio
|
|
Batting: RHB Mike Llamas
|
0-0: Ball 1-0: Bunt for hit to 15S - play at first, batter OUT! 1-3
|
|
Batting: RHB Luke Bertrand
|
0-0: Called Strike 0-1: Foul Ball, location: 2F 0-2: Ball 1-2: Ground out 1-3 (Groundball, P, EV 68.8 MPH)
|
|
Batting: RHB Scott Anderson
|
0-0: Ball 1-0: Fly out, F7 (Flyball, 7, EV 87.5 MPH)
|
| Bottom of the 2nd over - 0 runs, 0 hits, 0 errors, 0 left on base; Rice University 2 - University of Arizona 0 |
| TOP OF THE 3RD |
|
Rice University Owls batting - Pitching for University of Arizona Wildcats : LHP Brendan Thompson
|
|
Batting: RHB Fred Saxton
|
0-0: Ball 1-0: Fly out, F5 (Popup, 6S, EV 73.8 MPH)
|
|
Batting: LHB Eddie Lemus
|
0-0: Called Strike 0-1: Called Strike 0-2: Foul Ball, location: 2F 0-2: Ball 1-2: Ball 2-2: SINGLE (Flyball, 4MD, EV 96.2 MPH)
|
|
Batting: LHB David Coatney
|
0-0: Swinging Strike 0-1: Ball 1-1: Swinging Strike 1-2: Foul Ball, location: 2F 1-2: Strikes out swinging
|
|
Batting: RHB Bobby Johannsen
|
0-0: Swinging Strike 0-1: Ball 1-1: Foul Ball, location: 2F 1-2: Foul Ball, location: 2F 1-2: Ball 2-2: Strikes out looking
|
| Top of the 3rd over - 0 runs, 1 hit, 0 errors, 1 left on base; Rice University 2 - University of Arizona 0 |
| BOTTOM OF THE 3RD |
|
University of Arizona Wildcats batting - Pitching for Rice University Owls : RHP Bror Wuopio
|
|
Batting: SHB George Grace
|
0-0: Ball 1-0: Ball 2-0: Foul Ball, location: 2F 2-1: Swinging Strike 2-2: Ball 3-2: Base on Balls
|
|
Batting: RHB Blake Grover
|
0-0: Ball 1-0: Ball 2-0: Ball 3-0: Foul Ball, location: 2F 3-1: Base on Balls George Grace to second
|
|
Batting: LHB Edelberto Barbas
|
0-0: Called Strike 0-1: SINGLE (Groundball, 56D, EV 95.6 MPH) George Grace to third Blake Grover to second Runner from 3rd tries for Home, throw by LF and OUT! 7-2
|
|
Batting: RHB C.J. Wells
|
0-0: Ball 1-0: Foul Ball, location: 2F 1-1: Ball 2-1: Fielders Choice at 2nd, 6-4 (Groundball, 6MD, EV 78.1 MPH) Blake Grover to third
|
|
Batting: LHB Alex Aguilar
|
0-0: Ball 1-0: Ball 2-0: Foul Ball, location: 2F 2-1: Foul Ball, location: 2F 2-2: Strikes out swinging
|
| Bottom of the 3rd over - 0 runs, 1 hit, 0 errors, 2 left on base; Rice University 2 - University of Arizona 0 |
| TOP OF THE 4TH |
|
Rice University Owls batting - Pitching for University of Arizona Wildcats : LHP Brendan Thompson
|
|
Batting: RHB Alex Valadez
|
0-0: Fly out, F9 (Flyball, 9, EV 71.9 MPH)
|
|
Batting: RHB Martin Boyle
|
0-0: Called Strike 0-1: Fly out, F8 (Line Drive, 78D, EV 95.6 MPH)
|
|
Batting: RHB Yu-zeng Mai
|
0-0: SINGLE (Groundball, 4M, EV 103.8 MPH) (infield hit)
|
|
Batting: SHB Yu-hsui Lew
|
0-0: Foul Ball, location: 2F 0-1: Foul Ball, location: 2F 0-2: Ball 1-2: Ground out 4-3 (Groundball, 34, EV 79.4 MPH)
|
| Top of the 4th over - 0 runs, 1 hit, 0 errors, 1 left on base; Rice University 2 - University of Arizona 0 |
| BOTTOM OF THE 4TH |
|
University of Arizona Wildcats batting - Pitching for Rice University Owls : RHP Bror Wuopio
|
|
Batting: RHB Pedro Lopez
|
0-0: Called Strike 0-1: Called Strike 0-2: Ball 1-2: Strikes out swinging
|
|
Batting: RHB Mike Llamas
|
0-0: Ball 1-0: Ball 2-0: DOUBLE (Line Drive, 78M, EV 98.1 MPH)
|
|
Batting: RHB Luke Bertrand
|
0-0: Swinging Strike 0-1: Foul Ball, location: 2F 0-2: Fly out, F5 (Popup, 56, EV 67.5 MPH)
|
|
Batting: RHB Scott Anderson
|
0-0: Ball 1-0: Ground out 3-1 (Groundball, 34S, EV 90.0 MPH)
|
| Bottom of the 4th over - 0 runs, 1 hit, 0 errors, 1 left on base; Rice University 2 - University of Arizona 0 |
| TOP OF THE 5TH |
|
Rice University Owls batting - Pitching for University of Arizona Wildcats : LHP Brendan Thompson
|
|
Now at SS: Andrew Davis
|
|
|
Now in LF: Gary Corrales
|
|
|
Batting: RHB Adrian Quilantan
|
0-0: Called Strike 0-1: Ball 1-1: Ball 2-1: Ground out 6-3 (Groundball, 6, EV 103.8 MPH)
|
|
Pinch Hitting: RHB Jordan Dugue
|
0-0: Ball 1-0: Called Strike 1-1: Ball 2-1: Called Strike 2-2: Ball 3-2: Base on Balls
|
|
Pitching: RHP Chris Galloway
|
|
|
Pinch Hitting: LHB Randy Marquez
|
0-0: Ball 1-0: Foul Ball, location: 2F 1-1: Called Strike 1-2: Ball 2-2: Ball 3-2: Fly out, F7 (Flyball, 7, EV 86.9 MPH)
|
|
Batting: LHB David Coatney
|
0-0: Called Strike 0-1: Fly out, F7 (Flyball, 7S, EV 84.4 MPH)
|
| Top of the 5th over - 0 runs, 0 hits, 0 errors, 1 left on base; Rice University 2 - University of Arizona 0 |
| BOTTOM OF THE 5TH |
|
University of Arizona Wildcats batting - Pitching for Rice University Owls : RHP Bror Wuopio
|
|
Now at 2B: Eric Russell
|
|
|
Now at SS: Chris DeLuise
|
|
|
Now in RF: Alex Ruybalid
|
|
|
Batting: SHB George Grace
|
0-0: Foul Ball, location: 2F 0-1: Foul Ball, location: 2F 0-2: Strikes out looking
|
|
Batting: LHB Andrew Davis
|
0-0: Foul Ball, location: 2F 0-1: Swinging Strike 0-2: Foul Ball, location: 2F 0-2: Foul Ball, location: 2F 0-2: Ball 1-2: Ball 2-2: Foul Ball, location: 2F 2-2: Ball 3-2: Fly out, F8 (Flyball, 8RD, EV 91.9 MPH)
|
|
Batting: LHB Pascal Noël
|
0-0: Called Strike 0-1: Foul Ball, location: 2F 0-2: Ball 1-2: Ball 2-2: Ball 3-2: Foul Ball, location: 2F 3-2: Foul Ball, location: 2F 3-2: SINGLE (Line Drive, 34D, EV 103.8 MPH)
|
|
Pitching: RHP Anthony Klein
|
|
|
Pinch Hitting: RHB Matt Morales
|
0-0: Ball 1-0: Fly out, F8 (Flyball, 8LD, EV 98.1 MPH)
|
| Bottom of the 5th over - 0 runs, 1 hit, 0 errors, 1 left on base; Rice University 2 - University of Arizona 0 |
| TOP OF THE 6TH |
|
Rice University Owls batting - Pitching for University of Arizona Wildcats : RHP Chris Galloway
|
|
Pitching: RHP Eric Dixon
|
|
|
Now at C: Josh Glass
|
|
|
Now at 1B: Eddy Amaya
|
|
|
Now at 3B: Alejandro de Jesus
|
|
|
Now in CF: Matt Morales
|
|
|
Batting: RHB Chris DeLuise
|
0-0: Fly out, F7 (Flyball, 78M, EV 90.0 MPH)
|
|
Batting: RHB Russ Kennett
|
0-0: Ball 1-0: Called Strike 1-1: Called Strike 1-2: Ball 2-2: Foul Ball, location: 2F 2-2: Ball 3-2: Base on Balls
|
|
Pinch Hitting: SHB Joan Coucieiro
|
0-0: Called Strike 0-1: Foul Ball, location: 2F 0-2: SINGLE (Line Drive, 7S, EV 96.9 MPH) Russ Kennett to second
|
|
Pinch Hitting: LHB David Goad
|
0-0: Ball 1-0: Ball 2-0: Fly out, F9 (Flyball, 89M, EV 94.4 MPH)
|
|
Pinch Hitting: RHB Alonzo Cardona
|
0-0: Fielders Choice at 2nd, 5-4 (Groundball, 56, EV 101.9 MPH)
|
| Top of the 6th over - 0 runs, 1 hit, 0 errors, 2 left on base; Rice University 2 - University of Arizona 0 |
| BOTTOM OF THE 6TH |
|
University of Arizona Wildcats batting - Pitching for Rice University Owls : RHP Anthony Klein
|
|
Now at 1B: Dave Marin
|
|
|
Now at 3B: Chris DeLuise
|
|
|
Now at SS: Roderick Speed
|
|
|
Now in CF: David Goad
|
|
|
Batting: RHB Eddy Amaya
|
0-0: Fly out, F8 (Flyball, 8RD, EV 110.6 MPH)
|
|
Pinch Hitting: RHB Ron Dondale
|
0-0: Fly out, F9 (Flyball, 89D, EV 91.2 MPH)
|
|
Batting: LHB Josh Glass
|
0-0: Foul Ball, location: 2F 0-1: Ball 1-1: Ball 2-1: Foul Ball, location: 2F 2-2: Foul Ball, location: 2F 2-2: DOUBLE (Line Drive, 78D, EV 105.6 MPH)
|
|
Pinch Hitting: RHB Jose Velez
|
0-0: Ball 1-0: Called Strike 1-1: Foul Ball, location: 2F 1-2: Strikes out looking
|
| Bottom of the 6th over - 0 runs, 1 hit, 0 errors, 1 left on base; Rice University 2 - University of Arizona 0 |
| TOP OF THE 7TH |
|
Rice University Owls batting - Pitching for University of Arizona Wildcats : RHP Eric Dixon
|
|
Now at 2B: Ron Dondale
|
|
|
Now in RF: Jose Velez
|
|
|
Batting: RHB Adrian Quilantan
|
0-0: Called Strike 0-1: Foul Ball, location: 2F 0-2: Ball 1-2: Ball 2-2: Ball 3-2: Foul Ball, location: 2F 3-2: Foul Ball, location: 2F 3-2: Base on Balls
|
|
Batting: LHB Eric Russell
|
0-0: Ball 1-0: Ball 2-0: Fly out, F7 (Flyball, 7S, EV 93.8 MPH)
|
|
Batting: RHB Alex Ruybalid
|
0-0: Foul Ball, location: 2F 0-1: Called Strike 0-2: Strikes out swinging
|
|
Batting: LHB David Coatney
|
0-0: SINGLE (Groundball, 4MD, EV 104.4 MPH) Adrian Quilantan to second Runner from 2nd tries for 3rd, SAFE, throw by CF made to third
|
|
Batting: RHB Chris DeLuise
|
0-0: Swinging Strike 0-1: SINGLE (Groundball, 4M, EV 91.2 MPH) (infield hit) Adrian Quilantan scores David Coatney to second
|
|
Batting: RHB Russ Kennett
|
0-0: Foul Ball, location: 2F 0-1: Fielders Choice at 2nd, 6-4 (Groundball, 6, EV 82.5 MPH)
|
| Top of the 7th over - 1 run, 2 hits, 0 errors, 2 left on base; Rice University 3 - University of Arizona 0 |
| BOTTOM OF THE 7TH |
|
University of Arizona Wildcats batting - Pitching for Rice University Owls : RHP Anthony Klein
|
|
Now at C: Willie Marquez
|
|
|
Batting: LHB Gary Corrales
|
0-0: Ball 1-0: Ball 2-0: Ball 3-0: Base on Balls
|
|
Batting: RHB Alejandro de Jesus
|
0-0: Ball 1-0: Fly out, F8 (Flyball, 78D, EV 77.5 MPH)
|
|
Pinch Hitting: LHB Lihau Keawe
|
0-0: Ball 1-0: Foul Ball, location: 2F 1-1: Foul Ball, location: 2F 1-2: Foul Ball, location: 2F 1-2: Strikes out swinging
|
|
Batting: LHB Pascal Noël
|
0-0: Called Strike 0-1: SINGLE (Line Drive, 4MD, EV 105.6 MPH) Gary Corrales to second
|
|
Pinch Hitting: LHB Jere Paatelainen
|
0-0: Ball 1-0: SINGLE (Groundball, 34, EV 98.8 MPH) Gary Corrales to third Pascal Noël to second Runner from 3rd tries for Home, SAFE, throw by RF to home
|
|
Pitching: RHP John Kerfoot
|
|
|
Pinch Hitting: RHB Jason Lambert
|
0-0: Called Strike 0-1: Swinging Strike 0-2: Ball 1-2: Strikes out looking
|
| Bottom of the 7th over - 1 run, 2 hits, 0 errors, 2 left on base; Rice University 3 - University of Arizona 1 |
| TOP OF THE 8TH |
|
Rice University Owls batting - Pitching for University of Arizona Wildcats : RHP Eric Dixon
|
|
Pitching: LHP Dylan Avery
|
|
|
Now at 1B: Jason Lambert
|
|
|
Now at SS: Victor Garcia
|
|
|
Now in CF: Jere Paatelainen
|
|
|
Batting: LHB Dave Marin
|
0-0: Ball 1-0: Called Strike 1-1: Fly out, F7 (Flyball, 7D, EV 102.5 MPH)
|
|
Batting: LHB David Goad
|
0-0: Swinging Strike 0-1: Swinging Strike 0-2: Ball 1-2: SINGLE (Line Drive, 8LS, EV 100.6 MPH)
|
|
Batting: SHB Roderick Speed
|
0-0: Ball 1-0: Reached on error, E4 (Groundball, 34S, EV 83.8 MPH) David Goad to second
|
|
Batting: LHB Willie Marquez
|
0-0: Swinging Strike 0-1: Foul Ball, location: 2F 0-2: Strikes out swinging
|
|
Batting: LHB Eric Russell
|
0-0: Called Strike 0-1: SINGLE (Groundball, 6D, EV 108.8 MPH) David Goad to third Roderick Speed to second Runner from 3rd tries for Home, SAFE, throw by CF to home
|
|
Batting: RHB Alex Ruybalid
|
0-0: Ball 1-0: Foul Ball, location: 2F 1-1: Foul Ball, location: 2F 1-2: Strikes out swinging
|
| Top of the 8th over - 1 run, 2 hits, 1 error, 2 left on base; Rice University 4 - University of Arizona 1 |
| BOTTOM OF THE 8TH |
|
University of Arizona Wildcats batting - Pitching for Rice University Owls : RHP John Kerfoot
|
|
Batting: RHB Ron Dondale
|
0-0: Ball 1-0: Ball 2-0: Ball 3-0: Called Strike 3-1: Base on Balls
|
|
Batting: LHB Josh Glass
|
0-0: Called Strike 0-1: Foul Ball, location: 2F 0-2: Foul Ball, location: 2F 0-2: Strikes out swinging
|
|
Pinch Hitting: RHB Rio Finnigan
|
0-0: Foul Ball, location: 2F 0-1: Foul Ball, location: 2F 0-2: Ball 1-2: Ball 2-2: Ball 3-2: Reached on error, E3 (Groundball, 3L, EV 96.2 MPH) Ron Dondale to second
|
|
Batting: LHB Gary Corrales
|
0-0: Swinging Strike 0-1: SINGLE (Groundball, 34D, EV 107.5 MPH) Ron Dondale to third Rio Finnigan to second
|
|
Pinch Hitting: SHB Tim Lloyd
|
0-0: Ball 1-0: Ball 2-0: Ball 3-0: Called Strike 3-1: Base on Balls Ron Dondale scores Rio Finnigan to third Gary Corrales to second
|
|
Batting: RHB Victor Garcia
|
0-0: Foul Ball, location: 2F 0-1: Swinging Strike 0-2: Strikes out looking
|
|
Batting: RHB Larry Harlow
|
0-0: Called Strike 0-1: Called Strike 0-2: Ball 1-2: Ball 2-2: Strikes out swinging
|
| Bottom of the 8th over - 1 run, 1 hit, 1 error, 3 left on base; Rice University 4 - University of Arizona 2 |
| TOP OF THE 9TH |
|
Rice University Owls batting - Pitching for University of Arizona Wildcats : LHP Dylan Avery
|
|
Now at 3B: Nick Cech
|
|
|
Now in RF: Tim Lloyd
|
|
|
Batting: LHB David Coatney
|
0-0: Foul Ball, location: 2F 0-1: SINGLE (Groundball, 25, EV 68.8 MPH) (infield hit)
|
|
Pinch Hitting: SHB Manny Aponte
|
0-0: Ball 1-0: Called Strike 1-1: Ball 2-1: SINGLE (Line Drive, 9S, EV 100.0 MPH) David Coatney to second Runner from 2nd tries for 3rd, SAFE, no throw by RF
|
|
Batting: RHB John Burgis
|
0-0: Ball 1-0: Fly out, F8 (Flyball, 89M, EV 87.5 MPH) Runner from 3rd tags up, OUT at HOME! 8-2 Manny Aponte to second
|
|
Pinch Hitting: RHB Raul Vargas
|
0-0: Fly out, F8 (Line Drive, 89S, EV 91.2 MPH)
|
| Top of the 9th over - 0 runs, 2 hits, 0 errors, 1 left on base; Rice University 4 - University of Arizona 2 |
| BOTTOM OF THE 9TH |
|
University of Arizona Wildcats batting - Pitching for Rice University Owls : RHP John Kerfoot
|
|
Pitching: RHP Takeru Inoue
|
|
|
Now at 1B: Raul Vargas
|
|
|
Now at 3B: Carlos Saldivar
|
|
|
Batting: LHB Jere Paatelainen
|
0-0: Ball 1-0: Swinging Strike 1-1: Ground out 2-3 (Groundball, 2R, EV 73.1 MPH)
|
|
Batting: RHB Jason Lambert
|
0-0: Ball 1-0: Foul Ball, location: 2F 1-1: Ball 2-1: Fly out, F8 (Flyball, 8RM, EV 89.4 MPH)
|
|
Pinch Hitting: RHB Alex Ruschin
|
0-0: Ball 1-0: Ball 2-0: Foul Ball, location: 2F 2-1: Ball 3-1: Swinging Strike 3-2: Ground out 4-3 (Groundball, 4D, EV 83.1 MPH)
|
| Bottom of the 9th over - 0 runs, 0 hits, 0 errors, 0 left on base; Rice University 4 - University of Arizona 2 |
|